 Dungeon Crawl Stone Soup version 0.17-a0-1545-gc1bb672 (webtiles) character file.

121 mrath the Digger (level 5, 0/28 HPs)
             Began as a Gargoyle Earth Elementalist on July 18, 2015.
             Killed by divine providence
             ... invoked by an orc priest
              (16 damage)
             ... on level 3 of the Dungeon.
             The game lasted 00:27:34 (2534 turns).

mrath the Digger (Gargoyle Earth Elementalist)      Turns: 2534, Time: 00:27:35

Health: 0/28       AC:  6    Str: 11    XL:     5   Next: 5%
Magic:  9/10       EV: 12    Int: 17    God:
Gold:   116        SH:  0    Dex: 10    Spells: 3 memorised, 5 levels left

rFire  . . .     SeeInvis .     a - 62 stones
rCold  . . .     Clarity  .     b - +0 robe
rNeg   + . .     SustAt   .     (no shield)
rPois  ∞         Gourm    .     (no helmet)
rElec  +         Spirit   .     (no cloak)
rCorr  .         Warding  .     (no gloves)
rMut   .         Stasis   .     (no boots)
MR     .....                    (no amulet)
Stlth  ++........               (no ring)
                                (no ring)

@: not resistant to hostile enchantments, unstealthy
A: negative energy resistance 1, electricity resistance, unbreathing,
petrification resistance, rot immunity, AC +4
a: no special abilities


You were on level 3 of the Dungeon.
You were not hungry.

You visited 1 branch of the dungeon, and saw 3 of its levels.

You collected 116 gold pieces.

Inventory:

Hand weapons
 e - a +0 club
 p - a cursed +0 dagger
 s - a +0 hunting sling
 y - a +0 mace
Missiles
 a - 62 stones (in hand)
 h - 70 arrows
 i - 14 arrows of flame
 n - 8 sling bullets
Armour
 b - a +0 robe (worn)
Scrolls
 j - a scroll of random uselessness {unknown}
 m - a scroll of remove curse {unknown}
 r - 3 scrolls of identify {unknown}
 t - 2 scrolls of immolation {unknown}
 u - a scroll of teleportation {unknown}
 v - a scroll of fear {unknown}
Potions
 f - a potion of might {unknown}
 k - a potion of brilliance {unknown}
 l - 3 potions of curing {unknown}
 o - a potion of invisibility {unknown}
 x - a potion of flight {unknown}
Books
 c - a book of Geomancy

   Spells                             Type                      Level
   a - Sandblast                      Earth                        1
   b - Stoneskin                      Transmutation/Earth          2
   c - Passwall                       Transmutation/Earth          3
   d - Stone Arrow                    Conjuration/Earth            3
   e - Petrify                        Transmutation/Earth          4
   f - Lee's Rapid Deconstruction     Earth                        5
Comestibles
 d - 4 bread rations
 q - 5 chunks of flesh
 w - a meat ration


   Skills:
 - Level 1.5 Dodging
 - Level 2.1 Stealth
 * Level 3.9 Spellcasting
 - Level 0.7 Transmutations
 + Level 4.8 Earth Magic


You had 5 spell levels left.
You knew the following spells:

 Your Spells              Type           Power        Failure   Level  Hunger
a - Sandblast             Erth           ###...       2%          1    None
b - Stoneskin             Trmt/Erth      ##......     10%         2    ##.....
c - Stone Arrow           Conj/Erth      ##....       21%         3    ###....


Dungeon Overview and Level Annotations

Branches:
Dungeon (3/15)

Altars:
Ashenzari
Elyvilon
Nemelex Xobeh
Trog


Innate Abilities, Weirdness & Mutations

You are resistant to torment.
Your stone body is resilient (AC +4).
You are immune to poison.
You resist negative energy.
You are resistant to electric shocks.
You can survive without breathing.
You are immune to petrification.
You are immune to rotting.


Message History

You throw a javelin.
The javelin completely misses the orc priest.
Some of the chunks of flesh in your inventory have rotted away.
An orc comes into view. It is wielding a dagger.
Throwing (i - inventory. (,) - cycle):
g - a javelin (quivered)
Press: ? - help, Shift-Dir - straight line, f/p - orc priest
Aim: an orc priest, wielding a mace and wearing a leather armour (lightly wounded)
You throw a javelin.
The javelin barely misses the orc priest.
The javelin closely misses the orc priest.
The orc throws a tomahawk.
The tomahawk closely misses you.
An adder and an orc come into view.
Throwing (i - inventory):
a - 62 stones (in hand)
Press: ? - help, Shift-Dir - straight line, f - orc wizard, p - orc priest
Aim: an orc wizard, wielding a dagger and wearing a robe
Okay, then.
The orc priest mumbles some strange prayers to Beogh against you.
Something smites you!
Ouch! That really hurt!
You die...

#.# #.# #.# #.# #.#
#.# #####.###.####
#.......)....#
#.###..##.#### #.#
#..##.#
#######.###......
#......@....###.[.
#>#####.(?...$...%#
#.).....##...
#.o.###.# ...#
#o(.# . #..o# ....$
o...(. #...So.


You could see 2 orc priests, an orc wizard and an orc.

Vanquished Creatures
  A gnoll (D:3)
  2 adders
  3 worms (D:2)
  6 giant geckos
  An orc (D:3)
  4 bats
  7 goblins
  7 hobgoblins
  4 jackals (D:1)
  A ball python (D:1)
  5 giant cockroaches
  9 giant newts
  17 kobolds
  11 rats
78 creatures vanquished.

Notes
Turn   | Place    | Note
--------------------------------------------------------------
     0 | D:1      | mrath the Gargoyle Earth Elementalist began the quest for the Orb.
     0 | D:1      | Reached XP level 1. HP: 10/10 MP: 3/3
   169 | D:1      | Reached XP level 2. HP: 9/15 MP: 1/5
   457 | D:1      | Reached skill level 4 in Earth Magic
   724 | D:1      | Reached XP level 3. HP: 19/19 MP: 7/7
  1603 | D:2      | Reached XP level 4. HP: 24/24 MP: 6/8
  1621 | D:2      | Learned a level 2 spell: Stoneskin
  1625 | D:2      | Learned a level 3 spell: Stone Arrow
  1693 | D:2      | Found a faded altar to an unknown god.
  1937 | D:2      | Found a shattered altar of Ashenzari.
  1937 | D:2      | Found a white marble altar of Elyvilon.
  2083 | D:2      | Found a bloodstained altar of Trog.
  2235 | D:2      | Found a sparkling altar of Nemelex Xobeh.
  2347 | D:3      | Reached XP level 5. HP: 28/28 MP: 5/10
  2534 | D:3      | Killed from afar by an orc priest

Vault maps used:
D:1:      dpeg_arrival_short_road, st_stairs_5, solitary_fountain,
          grunt_decor_clamped, lexackson_kobold_supper
D:2:      nemelex_xobeh_ov_fountains_minmay, amethyst_overflow_temple_binary,
          lightli_temple_of_fire, ecumenical_altar_2
D:3:      wad_river_or_something, first_bread

Action                   |  1- 3 |  4- 6 || total
-------------------------+-------+-------++-------
Melee: Club              |    28 |       ||    28
Throw: Javelin           |    50 |    52 ||   102
 Cast: Sandblast         |    37 |    21 ||    58
  Eat: Chunk             |     2 |     3 ||     5
